 Dungeon Crawl Stone Soup version 0.31-a0-1540-g5a0b83f448 (webtiles) character file.

Game seed: 952762719703517451

349333 pokeman the Archmage (level 21, -5/124 HPs)
             Began as a Deep Elf Hedge Wizard on Dec 31, 2023.
             Was the Champion of Vehumet.
             Slain by a caustic shrike (9 damage)
             ... on level 3 of the Depths on Jan 1, 2024.
             The game lasted 03:04:02 (51482 turns).

pokeman the Archmage (Deep Elf Hedge Wizard)       Turns: 51482, Time: 03:04:02

Health: -5/124     AC: 14    Str: 10    XL:     21   Next: 25%
Magic:  29/54      EV: 11    Int: 45    God:    Vehumet [******]
Gold:   4643       SH:  6    Dex: 15    Spells: 19/74 levels left

rFire   x . .        V - staff "Obiaries" {rN+ Int+5 Conj}
rCold   + . .        K - +0 buckler {rPois}
rNeg    + . .        q - +5 ring mail of Fiziunoc {SInv Stlth+}
rPois   +            Q - +4 hat of Juuvie {Str+3 Slay-3 Stlth+}
rElec   .            j - scarf {repulsion}
rCorr   .            X - +1 pair of gloves {Dex+3}
SInv    +            P - +2 pair of boots {Stlth+}
Will    ++...        x - amulet of magic regeneration
Stlth   +++++        m - +6 ring of intelligence
HPRegen 0.40/turn    u - ring of Ycute {Ice rPois Int+3 Dex-2 SInv}
MPRegen 0.74/turn

%: repel missiles
@: corroded, studying 2 skills
A: no striking features
}: 2/15 runes: decaying, gossamer
a: Renounce Religion


You were on level 3 of the Depths.
You worshipped Vehumet.
Vehumet was exalted by your worship.
You visited 8 branches of the dungeon, and saw 38 of its levels.
You also visited: Ossuary, Bailey, Ice Cave and Volcano.

You collected 4961 gold pieces.
You spent 318 gold pieces at shops.

Inventory:

Missiles
 n - 12 curare-tipped darts
Armour
 j - a scarf of repulsion (worn)
 q - the +5 ring mail of Fiziunoc (worn) {SInv Stlth+}
   (You found it on level 4 of the Lair of Beasts)

   SInv:      It lets you see invisible.
   Stlth+:    It makes you more stealthy.
 s - +0 ice dragon scales
 C - the +2 ring mail of the Giraffatuar {Fly rC- Regen+}
   (You found it in an ice cave)

   rC-:       It makes you vulnerable to cold.
   Fly:       It grants you flight.
   Regen+:    It increases your rate of health regeneration.
 K - a +0 buckler of poison resistance (worn)
 P - a +2 pair of boots of stealth (worn)
 Q - the +4 hat of Juuvie (worn) {Str+3 Slay-3 Stlth+}
   (You found it on level 4 of the Spider Nest)

   Str+3:     It affects your strength (+3).
   Slay-3:    It affects your accuracy & damage with ranged weapons and melee
   (-3).
   Stlth+:    It makes you more stealthy.
 X - a +1 pair of gloves of dexterity (worn)
Magical Staves
 A - a staff of death
 V - the staff "Obiaries" (weapon) {rN+ Int+5 Conj}
   (You found it on level 3 of the Elven Halls)

   [staff of conjuration]

   Base accuracy: +5 Base damage: 5 Base attack delay: 1.2 This weapon's minimum
   attack delay (0.6) is reached at skill level 12.
   Int+5:     It affects your intelligence (+5).
   rN+:       It protects you from negative energy.
   Conj:      It increases the power of your Conjurations spells.
   It falls into the 'Staves' category.
   It is a one-handed weapon.
Jewellery
 m - a +6 ring of intelligence (left hand)
 u - the ring of Ycute (right hand) {Ice rPois Int+3 Dex-2 SInv}
   (You found it on level 1 of the Elven Halls)

   [ring of ice]

   Ice:       It enhances your ice magic.
   Int+3:     It affects your intelligence (+3).
   Dex-2:     It affects your dexterity (-2).
   rF-:       It makes you vulnerable to fire.
   rC+:       It protects you from cold.
   rPois:     It protects you from poison SInv: It lets you see invisible.
 w - a ring of fire
 x - an amulet of magic regeneration (around neck)
 B - an amulet of faith
 F - a ring of ice
Wands
 i - a wand of flame (27)
 y - a wand of iceblast (6)
 G - a wand of quicksilver (7)
 U - a wand of digging (17)
Scrolls
 a - 2 scrolls of enchant weapon
 c - 5 scrolls of revelation
 f - a scroll of brand weapon
 g - a scroll of enchant armour
 k - 8 scrolls of teleportation
 l - 3 scrolls of blinking
 o - 3 scrolls of fear
 r - a scroll of amnesia
 t - a scroll of butterflies
 Y - 3 scrolls of identify
Potions
 b - 13 potions of heal wounds
 d - 7 potions of magic
 h - a potion of lignification
 p - 2 potions of brilliance
 v - 2 potions of invisibility
 z - a potion of attraction
 D - 21 potions of curing
 E - a potion of cancellation
 N - 7 potions of haste
Miscellaneous
 e - a phial of floods
 R - a box of beasts


   Skills:
 - Level 11.0 Fighting
 + Level 10.1 Armour
 - Level 3.1 Dodging
 - Level 3.2 Stealth
 - Level 7.0 Shields
 O Level 27 Spellcasting
 + Level 21.7 Conjurations
 - Level 1.1 Summonings
 - Level 1.1 Necromancy
 - Level 1.1 Translocations
 - Level 1.1 Fire Magic
 * Level 20.2 Ice Magic
 - Level 1.1 Air Magic
 - Level 1.0 Earth Magic
 - Level 1.0 Alchemy
 - Level 2.1 Evocations


You had 19 spell levels left.
You knew the following spells:

 Your Spells              Type           Power      Damage    Failure   Level
a - Magic Dart            Conj           100%       1d8       0%          1
b - Mephitic Cloud        Conj/Alch/Air  100%       N/A       1%          3
c - Call Imp              Summ           100%       N/A       1%          2
d - Blink                 Tloc           100%       N/A       1%          2
e - Foxfire               Conj/Fire      100%       2x1d9     0%          1
f - Freezing Cloud        Conj/Ice/Air   81%        6-21      1%          5
g - Bombard               Conj/Erth      64%        9d10      1%          6
h - Ozocubu's Refrigerat  Ice            76%        4d24      1%          7
i - Swiftness             Air            63%        N/A       1%          3
j - Hailstorm             Conj/Ice       100%       3d16      0%          3
k - Orb of Destruction    Conj           77%        9d17      1%          7
l - Fireball              Conj/Fire      64%        3d24      1%          5
m - Lee's Rapid Deconstr  Erth           31%        3d16*     3%          5
n - Iskenderun's Battles  Conj           100%       2d15      0%          5

Your spell library contained the following spells:

 Spells                   Type           Power      Damage    Failure   Level
 Lehudib's Crystal Spear  Conj/Erth      64%        10d15     11%         8
 Chain Lightning          Conj/Air       64%        3d85      78%         9
 Fire Storm               Conj/Fire      64%        8d16      78%         9
 Freeze                   Ice            100%       1d10      0%          1
 Sting                    Conj/Alch      100%       1d9       0%          1
 Ensorcelled Hibernation  Hex/Ice        100%       N/A       0%          2
 Searing Ray              Conj           100%       2d8       0%          2
 Static Discharge         Conj/Air       100%       3-8/arc   0%          2
 Dazzling Flash           Conj/Hex       100%       N/A       0%          3
 Frozen Ramparts          Ice            100%       1d16      0%          3
 Ozocubu's Armour         Ice            100%       N/A       0%          3
 Stone Arrow              Conj/Erth      100%       3d13      0%          3
 Apportation              Tloc           100%       N/A       1%          1
 Necrotise                Necr           100%       1d9       1%          1
 Slow                     Hex            100%       N/A       1%          1
 Summon Small Mammal      Summ           100%       N/A       1%          1
 Cigotuvi's Dreadful Rot  Necr/Alch/Air  100%       N/A       1%          2
 Lesser Beckoning         Tloc           100%       N/A       1%          2
 Scorch                   Fire           100%       2d9       1%          2
 Call Canine Familiar     Summ           63%        N/A       1%          3
 Fugue of the Fallen      Necr           63%        N/A       1%          3
 Gell's Gravitas          Tloc           63%        N/A       1%          3
 Passwall                 Erth           63%        N/A       1%          3
 Sigil of Binding         Hex            57%        N/A       1%          3
 Summon Ice Beast         Ice/Summ       100%       N/A       1%          3
 Teleport Other           Tloc           63%        N/A       1%          3
 Tukima's Dance           Hex            57%        N/A       1%          3
 Volatile Blastmotes      Fire/Tloc      100%       2d18      1%          3
 Airstrike                Air            31%        2d(5-21)  1%          4
 Brom's Barrelling Bould  Conj/Erth      100%       2d11      1%          4
 Flame Wave               Conj/Fire      100%       2d21      1%          4
 Fulminant Prism          Conj/Alch      63%        3d26      1%          4
 Ignite Poison            Fire/Alch      63%        N/A       1%          4
 Iskenderun's Mystic Bla  Conj/Tloc      100%       2d19      1%          4
 Arcjolt                  Conj/Air       64%        1d74      1%          5
 Starburst                Conj/Fire      64%        6d17      1%          6
 Spellforged Servitor     Conj/Summ      64%        N/A       1%          7
 Dimensional Bullseye     Hex/Tloc       30%        N/A       4%          4
 Leda's Liquefaction      Alch/Erth      31%        N/A       4%          4
 Manifold Assault         Tloc           63%        N/A       4%          4
 Summon Lightning Spire   Summ/Air       63%        N/A       4%          4
 Vhi's Electric Charge    Tloc/Air       100%       N/A       4%          4
 Curse of Agony           Necr           63%        N/A       11%         5
 Silence                  Hex/Air        30%        N/A       14%         5
 Summon Mana Viper        Hex/Summ       60%        N/A       14%         5
 Plasma Beam              Fire/Air       31%        2x1d44    16%         6
 Dispersal                Tloc           31%        N/A       52%         6
 Summon Cactus Giant      Summ           31%        N/A       52%         6
 Monstrous Menagerie      Summ           31%        N/A       98%         7
 Maxwell's Capacitive Co  Air            31%        ∞         99%         8


Dungeon Overview and Level Annotations

Branches:
Dungeon (15/15)            Temple (1/1) D:6            Lair (5/5) D:9
  Swamp (4/4) Lair:3       Spider (4/4) Lair:3        Slime (0/5) Lair:4
    Orc (2/2) D:12            Elf (3/3) Orc:2        Vaults (0/5) D:14
 Depths (4/4) D:15        Ossuary (visited)          Bailey (visited)
  IceCv (visited)         Volcano (visited)
    Zot: Depths:4

Altars:
Ashenzari
Cheibriados
Dithmenos
Elyvilon
Fedhas
Gozag
Hepliaklqana
Kikubaaqudgha
Makhleb
Nemelex Xobeh
Okawaru
Qazlal
Ru
Sif Muna
Trog
Uskayaw
Vehumet
Wu Jian
Xom
Yredelemnul
Zin
The Shining One

Shops:
D:8 :   D:12 (=(   Orc:1 **:   Orc:2 (*[*   Elf:1 ?   Elf:3 (   Depths:1 [
Depths:3 ::=

Portals:
Hell: Depths:1 Depths:2 Depths:3
Abyss: Depths:3
Pandemonium: Depths:2
Ziggurat: Depths:3

Annotations:
Swamp:1 1 runed translucent door, yetimobile's ghost, journeyman TrEE
Swamp:2 1 runed translucent door, DoNotCum's ghost, journeyman DsAl
Depths:2 6 runed translucent doors


Message History

The caustic shrike claws you!!
* * * LOW HITPOINT WARNING * * *
You are splashed with acid!
* * * LOW HITPOINT WARNING * * *
Unknown command.
Casting: Blink (safe; 1% risk of failure)
Confirm with . or Enter, or press ? or * to list all spells.
Aiming: Mephitic Cloud (safe; 1% risk of failure)
Press: ? - help, Shift-Dir - straight line, f - caustic shrike
Aim: a caustic shrike (heavily wounded, chance to affect: 15%)
You feel a surge of power!
The ball explodes into a vile cloud!
The stinking cloud engulfs the caustic shrike.
The caustic shrike is heavily wounded.
The stinking cloud engulfs the caustic shrike.
The caustic shrike is moderately wounded.
The stinking cloud engulfs you.
You feel ready to blink again.
The caustic shrike is engulfed in noxious fumes.
The caustic shrike claws you!
* * * LOW HITPOINT WARNING * * *
You are splashed with acid.
* * * LOW HITPOINT WARNING * * *
The caustic shrike is engulfed in noxious fumes. x4
You block the caustic shrike's attack.
Unknown command.
Unknown command.
Unknown command.
Casting: Mephitic Cloud (safe; 1% risk of failure)
Confirm with . or Enter, or press ? or * to list all spells.
You feel a surge of power!
The heat is drained from your surroundings.
The caustic shrike resists.
The caustic shrike is heavily wounded.
The caustic shrike resists.
The caustic shrike is moderately wounded.
The ice dragon resists.
The ice dragon is moderately wounded.
The caustic shrike is engulfed in noxious fumes.
The caustic shrike claws you!
You die...

.#≈...~≈≈≈###≈≈##########........
##≈≈)~~~≈##.⌠≈≈.>.....#.......###
#≈≈≈~))###≈≈≈≈.#..###+#'###......
##≈≈≈~#'.......#.........##...).#
~##≈≈≈#.....##.#.#.......##.....#
≈~##≈##.....##.#D#.#...<.##.....#
≈≈~###≈........§b§........'......
≈≈.##.≈........#b##########.....#
≈⌠###⌠≈.##.....#@##### #.....#
.###≈≈≈.##.....#.....# ###'#.# ##
#≈≈........##.#####♣♣♣♣♣ #.#.#
#...........#.# ♣...♣♣###.#
#......[....#.#####♣..∩.♣♣ #.#
#.#....##.#.#.....#♣.....♣ #.#
##.#...).#.#.#.###..∩.⌠.∩.♣ #.#
#..+.....#.#.#.###.#♣.....♣ #.#
#.##...<...#.#...#.#♣..∩.♣♣ #.#


You could see 2 caustic shrikes and an ice dragon.

Vanquished Creatures
  A dread lich (Depths:3)
  A golden dragon (Depths:2)
  Nikola (Swamp:2)
  Arachne (Spider:2)
  Rupert (D:15)
  4 liches
  Mlioglotl (Swamp:2)
  A walking earthen tome (Depths:4)
  5 deep elf blademasters (Elf:3)
  A walking divine tome (Depths:2)
  4 deep elf master archers (Elf:3)
  2 sphinxes
  A fenstrider witch (Swamp:3)
  Donald (Orc:2)
  3 fire giants
  7 frost giants
  Louise (Depths:3)
  8 emperor scorpions
  2 deep elf sorcerers (Elf:3)
  A juggernaut zombie (Depths:2)
  2 ghouls (Swamp:4)
  2 deep elf elementalists (Elf:3)
  A ghost moth (Spider:4)
  The ghost of Roir the Severer, a journeyman MiFi of Hepliaklqana (Orc:1)
  10 stone giants
  3 broodmothers
  12 very ugly things
  3 vampire knights
  Nessos (Orc:2)
  A black draconian (Depths:4)
  2 bunyips
  3 deep elf demonologists (Elf:3)
  The ghost of Agan the Black Belt, a journeyman MeSh (Lair:4)
  A green draconian (Depths:4)
  2 eleionomae
  7 deep elf annihilators (Elf:3)
  9 deep elf death magi
  7 spark wasps
  Azrael (D:13)
  A blizzard demon (Depths:3)
  The ghost of Dordric the Brawler, a journeyman TrBe of Trog (D:12)
  5 ettins
  2 fire dragons
  5 entropy weavers
  Josephine (Lair:4)
  2 deep elf high priests
  5 shambling mangroves
  2 entropy weavers (shapeshifter)
  The ghost of Phlounder the Mimic, a journeyman DrSh of Fedhas (Lair:2)
  7 rakshasas
  A hell beast (Depths:3)
  A jorogumo (Spider:3)
  3 ogre magi
  A ghost crab (Swamp:2)
  3 caustic shrike simulacra (IceCv)
  9 ice dragons
  8 alligators
  7 centaur warriors
  5 radroaches
  3 catoblepae
  A death knight (D:14)
  3 spriggan air magi
  14 two-headed ogres
  20 hydras
  The ghost of Curundu the Slicer, a novice MiBe of Trog (D:9)
  26 dancing weapons
  7 boulder beetles
  9 tengu warriors
  7 deep troll shamans
  10 occultists
  2 deep troll earth magi
  5 demonic crawlers
  2 hell hogs
  A vampire mage (Depths:2)
  5 spriggan berserkers
  An orc high priest (Orc:2)
  A sun demon (Depths:3)
  4 hell knights
  22 deep elf knights
  A skyshark (shapeshifter) (Depths:3)
  2 skysharks (Lair:5)
  2 pharaoh ants
  A golden dragon zombie (Depths:2)
  11 deep trolls
  3 iron trolls
  2 skeletal warriors
  7 spriggan druids
  12 swamp dragons
  A bog body (Swamp:1)
  2 glowing orange brains
  2 spectral hydras (Swamp:4)
  2 sun moths
  11 orb spiders
  21 deep elf archers
  2 flayed ghosts
  6 goliath frogs
  2 orange crystal statues (IceCv)
  44 deep elf pyromancers
  30 deep elf zephyrmancers
  2 phantasmal warriors (Swamp:4)
  4 orc knights
  3 necromancers
  8 steelbarb worms
  7 cyclopes
  16 wolf spiders
  29 ugly things
  3 salamanders (Volcano)
  7 oklob plants
  An orc sorcerer (Orc:2)
  A faun (shapeshifter) (Elf:1)
  Maurice (D:11)
  3 will-o-the-wisps
  A meliai (shapeshifter) (D:15)
  5 manticores
  3 moths of wrath
  4 elephants (Lair:5)
  9 meliai
  A kobold blastminer (Orc:2)
  A black mamba (shapeshifter) (Elf:1)
  2 torpor snails
  6 black mambas
  A gargoyle (Bailey)
  2 smoke demons
  16 cane toads
  2 ice statues (Depths:3)
  8 rime drakes
  An unseen horror (shapeshifter) (D:14)
  10 komodo dragons
  3 yaktaurs (D:14)
  An anaconda simulacrum (IceCv)
  2 efreet (D:13)
  13 freezing wraiths
  A kobold demonologist (D:13)
  2 unseen horrors
  3 golden dragon simulacra (IceCv)
  A merfolk (D:13)
  A tormentor (Depths:2)
  2 death drake zombies (Swamp:4)
  3 hydra zombies (Swamp:4)
  18 trolls
  A queen bee (shapeshifter) (Elf:1)
  8 bloated husks
  A polar bear (shapeshifter) (Elf:1)
  2 polar bears
  A death drake skeleton (Swamp:4)
  A hydra skeleton (Swamp:4)
  2 trolls (shapeshifter)
  2 wolf spider simulacra (D:15)
  8 tyrant leeches
  Prince Ribbit (Lair:1)
  An alligator simulacrum (IceCv)
  15 hornets
  A glass eye (shapeshifter) (Elf:1)
  7 tarantellas
  A tarantella (shapeshifter) (Elf:1)
  A spriggan zombie (Depths:2)
  21 blink frogs
  A raiju (shapeshifter) (Elf:1)
  13 jumping spiders
  13 culicivoras
  A snapping turtle (shapeshifter) (D:15)
  8 slime creatures
  Sigmund (D:3)
  5 air elementals
  7 spriggans
  4 vampires
  4 dire elephant simulacra (IceCv)
  4 water elementals
  A human (D:13)
  3 wyverns
  8 wraiths
  4 shadows
  7 fire elementals
  6 basilisks
  41 yaks
  2 fire bats (Volcano)
  A human (shapeshifter) (Elf:1)
  A steam dragon (D:9)
  9 wargs
  A golden eye (Lair:4)
  28 redbacks
  23 vampire mosquitoes
  A swamp worm (shapeshifter) (Depths:1)
  3 acid dragons
  A harpy simulacrum (IceCv)
  13 swamp worms
  13 water moccasins
  3 hell hounds
  5 swamp drakes
  5 hydra simulacra
  19 orc warriors
  A spectral troll (Orc:1)
  2 ice beasts
  2 swamp dragon zombies (Swamp:4)
  3 black bears
  A laughing skull (D:15)
  26 ogres
  A boggart (Lair:4)
  11 wolves
  5 centaurs
  4 swamp dragon skeletons (Swamp:4)
  6 kobold brigands
  A phantom (D:6)
  A brain worm (shapeshifter) (D:13)
  A spectral warg (Orc:1)
  6 earth elementals
  24 bullfrogs
  2 gnoll sergeants
  4 scorpions
  A skyshark simulacrum (Lair:2)
  2 wights
  12 killer bees
  6 howler monkeys
  8 vampire bats (Bailey)
  5 electric eels
  2 lindwurm simulacra
  The ghost of pigah the Changeling, a weakling OpSh (D:3)
  5 wolf zombies (Bailey)
  3 lava snakes (D:13)
  3 hounds
  2 gnoll boudas
  A jelly (D:6)
  13 orc priests
  2 water moccasin simulacra (Lair:2)
  Ijyb (D:3)
  2 sleepcaps
  6 iguanas
  22 orc wizards
  2 spectral orcs (Orc:1)
  A polar bear simulacrum (Lair:2)
  8 mummies (Ossuary)
  Robin (D:3)
  26 gnolls
  An ogre simulacrum (Orc:1)
  7 adders
  2 shadow imps
  2 white imps
  2 orc simulacra (Orc:1)
  5 dart slugs
  A ribbon worm (D:4)
  55 orcs
  7 ball pythons
  4 bats
  6 endoplasms
  3 giant cockroaches (D:3)
  A gnoll zombie (Ossuary)
  17 goblins
  12 hobgoblins
  2 jackals (D:1)
  4 quokkas
  8 frilled lizards
  2 hobgoblin zombies (Ossuary)
  A jackal zombie (D:5)
  30 kobolds
  3 kobold zombies (Ossuary)
  21 orc zombies
  3 rats
  A rat zombie (D:5)
  3 foxfires
1473 creatures vanquished.

Vanquished Creatures (collateral kills)
  An orc (D:12)
1 creature vanquished.

Vanquished Creatures (others)
  A hydra (Swamp:3)
  A kobold (D:13)
  991 foxfires
993 creatures vanquished.

Grand Total: 2467 creatures vanquished

Notes
Turn   | Place    | Note
-------+----------+-------------------------------------------
     0 | D:1      | pokeman the Deep Elf Hedge Wizard began the quest for the
                  | Orb.
     0 | D:1      | Reached XP level 1. HP: 10/10 MP: 7/7
   337 | D:1      | Reached XP level 2. HP: 16/16 MP: 7/9
   873 | D:1      | Reached skill level 5 in Spellcasting
   996 | D:1      | Reached XP level 3. HP: 20/20 MP: 5/11
  1317 | D:2      | Identified the +1 quarterstaff "Zatuit" {freeze, rN+ Str+2}
  1497 | D:2      | Reached skill level 1 in Fighting
  1497 | D:2      | Reached skill level 1 in Armour
  1550 | D:2      | Noticed an ogre
  1821 | D:2      | Reached XP level 4. HP: 19/25 MP: 3/13
  1825 | D:2      | Learned a level 3 spell: Mephitic Cloud
  1828 | D:2      | Learned a level 2 spell: Call Imp
  1831 | D:2      | Learned a level 2 spell: Blink
  2063 | D:2      | Killed an ogre
  2064 | D:2      | Reached skill level 6 in Spellcasting
  2064 | D:2      | Reached XP level 5. HP: 29/29 MP: 4/15
  2554 | D:3      | Noticed Robin
  2565 | D:3      | Killed Robin
  2566 | D:3      | Reached skill level 1 in Alchemy
  2734 | D:3      | Identified the +7 spear of the Fifty Bones {pain, rN++}
  2734 | D:3      | Identified the +0 ring mail of Lipaun {+Inv Dex-3 Slay+2
                  | SInv}
  2734 | D:3      | Identified the +0 buckler of Circular Logic {Str+5}
  2757 | D:3      | Found a transporter.
  2758 | D:3      | Found a transporter.
  2775 | D:3      | Reached XP level 6. HP: 34/34 MP: 13/17
  2813 | D:3      | Found a shadowy altar of Dithmenos.
  2849 | D:3      | Noticed Ijyb
  2859 | D:3      | Killed Ijyb
  2860 | D:3      | Reached skill level 1 in Air Magic
  2867 | D:3      | Learned a level 3 spell: Hailstorm
  3074 | D:3      | Noticed Sigmund
  3087 | D:3      | Reached skill level 7 in Spellcasting
  3112 | D:3      | Killed Sigmund
  3113 | D:3      | Reached skill level 1 in Ice Magic
  3113 | D:3      | Reached skill level 1 in Evocations
  3113 | D:3      | Reached XP level 7. HP: 23/39 MP: 4/20
  3767 | D:3      | Noticed pigah's ghost (weakling OpSh)
  4102 | D:4      | Reached skill level 8 in Spellcasting
  4392 | D:5      | Entered Level 5 of the Dungeon
  4610 | D:5      | Found a sand-covered staircase.
  4633 | Ossuary  | Entered an ossuary
  5005 | D:5      | Reached XP level 8. HP: 44/44 MP: 22/22
  5353 | D:5      | Reached skill level 9 in Spellcasting
  5551 | D:6      | Reached skill level 5 in Conjurations
  5648 | D:6      | Found a staircase to the Ecumenical Temple.
  5656 | Temple   | Entered the Ecumenical Temple
  5666 | Temple   | Became a worshipper of Vehumet
  5797 | D:6      | Reached skill level 10 in Spellcasting
  6422 | D:7      | Reached skill level 1 in Necromancy
  6523 | D:7      | Reached XP level 9. HP: 48/48 MP: 10/25
  6844 | D:7      | Reached * piety under Vehumet
  6844 | D:7      | Offered knowledge of Foxfire by Vehumet.
  6847 | D:7      | Learned a level 1 spell: Foxfire
  7169 | D:8      | Reached skill level 11 in Spellcasting
  7180 | D:8      | Noticed a troll
  7184 | D:8      | Reached skill level 1 in Fire Magic
  7184 | D:8      | Reached skill level 5 in Ice Magic
  7188 | D:8      | Killed a troll
  7215 | D:8      | Found a basalt altar of Yredelemnul.
  7243 | D:8      | Found a flagged portal.
  7313 | Bailey   | Entered a bailey
  7459 | Bailey   | Offered knowledge of Sting by Vehumet.
  7494 | Bailey   | Reached ** piety under Vehumet
  7506 | Bailey   | Reached skill level 12 in Spellcasting
  7681 | Bailey   | Noticed a gargoyle
  7688 | Bailey   | Killed a gargoyle
  7795 | Bailey   | Reached XP level 10. HP: 56/56 MP: 25/28
  8307 | D:8      | Offered knowledge of Stone Arrow by Vehumet.
  8377 | D:8      | Found a stormy altar of Qazlal.
  8396 | D:8      | Found Gyaboi Wece's Tiny Tomes.
  8654 | D:8      | Reached skill level 13 in Spellcasting
  8655 | D:8      | Reached *** piety under Vehumet
  8997 | D:9      | Found a transporter.
  9013 | D:9      | Offered knowledge of Brom's Barrelling Boulder by Vehumet.
  9232 | D:9      | Found a transporter.
  9265 | D:9      | Reached skill level 14 in Spellcasting
  9451 | D:9      | Noticed Curundu's ghost (novice MiBe)
  9549 | D:9      | Reached XP level 11. HP: 61/61 MP: 28/31
  9605 | D:9      | Found a staircase to the Lair.
  9610 | D:9      | Reached skill level 1 in Earth Magic
  9758 | D:10     | Entered Level 10 of the Dungeon
  9909 | D:10     | Learned a level 3 spell: Swiftness
 10305 | D:10     | Found an opulent altar of Gozag.
 10305 | D:10     | Found a blossoming altar of Fedhas.
 10368 | D:10     | Found a broken altar of Ashenzari.
 10397 | D:10     | Found an ancient bone altar of Kikubaaqudgha.
 10397 | D:10     | Found an ornate altar of the Wu Jian Council.
 10564 | D:11     | Identified the +5 quarterstaff of Jilliy {speed, ^Drain
                  | Dex+4}
 11293 | D:11     | Noticed a two-headed ogre
 11306 | D:11     | Killed a two-headed ogre
 11307 | D:11     | Reached skill level 15 in Spellcasting
 11356 | D:12     | Noticed a deep elf pyromancer
 11356 | D:12     | Noticed a deep elf pyromancer
 11359 | D:12     | Noticed a deep elf pyromancer
 11456 | D:12     | Noticed Maurice
 11466 | D:12     | Reached skill level 5 in Armour
 11468 | D:12     | Noticed a deep elf zephyrmancer
 11471 | D:12     | Killed a deep elf pyromancer
 11475 | D:12     | Killed a deep elf zephyrmancer
 11479 | D:12     | Noticed a deep elf zephyrmancer
 11484 | D:12     | Noticed a deep elf zephyrmancer
 11488 | D:12     | Killed a deep elf zephyrmancer
 11489 | D:12     | Killed a deep elf zephyrmancer
 11532 | D:12     | Noticed a deep elf pyromancer
 11539 | D:12     | Killed a deep elf pyromancer
 11539 | D:12     | Reached **** piety under Vehumet
 11559 | D:12     | Killed a deep elf pyromancer
 11580 | D:12     | Noticed a deep elf pyromancer
 11580 | D:12     | Noticed a deep elf knight
 11581 | D:12     | Maurice stole 205 gold
 11590 | D:11     | Killed Maurice
 11591 | D:11     | Reached skill level 16 in Spellcasting
 11613 | D:11     | Killed a deep elf pyromancer
 11640 | D:12     | Noticed a deep elf knight
 11644 | D:12     | Killed a deep elf knight
 11652 | D:12     | Killed a deep elf knight
 11653 | D:12     | Reached XP level 12. HP: 49/68 MP: 27/34
 11653 | D:12     | Offered knowledge of Airstrike by Vehumet.
 11669 | D:11     | Reached skill level 5 in Fighting
 12084 | D:12     | Found Ycomoaf's Weapon Boutique.
 12126 | D:12     | Found Neklurhi's Jewellery Boutique.
 12193 | D:12     | Reached skill level 10 in Conjurations
 12277 | D:12     | Noticed a two-headed ogre
 12289 | D:12     | Killed a two-headed ogre
 12290 | D:12     | Reached skill level 17 in Spellcasting
 12545 | D:12     | Identified a scroll of acquirement
 12937 | D:12     | Found a staircase to the Orcish Mines.
 12937 | D:12     | Found Dygir's Weapon Boutique.
 12944 | D:12     | Reached skill level 10 in Ice Magic
 12995 | D:12     | Found a runed translucent gate.
 12995 | D:12     | Found a runed translucent gate.
 12995 | D:12     | Found a runed translucent gate.
 12997 | D:12     | Noticed Dordric's ghost (journeyman TrBe)
 12998 | D:12     | Identified the +1 chain mail "Yset" {Will- Str+3 Stlth+}
 13216 | D:13     | Noticed a centaur warrior
 13463 | D:13     | Noticed a two-headed ogre
 13470 | D:13     | Killed a two-headed ogre
 13632 | D:13     | Learned a level 5 spell: Freezing Cloud
 13727 | D:13     | Reached skill level 18 in Spellcasting
 13776 | D:13     | Noticed a catoblepas
 13792 | D:13     | Killed a catoblepas
 13792 | D:13     | Reached ***** piety under Vehumet
 13947 | D:13     | Identified the maw talisman of the Alphagorgon {Will+ Str-2
                  | Int+3}
 13959 | D:13     | Killed a centaur warrior
 13959 | D:13     | Offered knowledge of Bombard by Vehumet.
 13960 | D:13     | Reached XP level 13. HP: 51/74 MP: 37/37
 13969 | D:13     | Learned a level 6 spell: Bombard
 14429 | D:13     | Noticed Azrael
 14440 | D:13     | Killed Azrael
 14442 | D:13     | HP: 1/74 [fire elemental[Azrael] (7)]
 14892 | D:13     | Reached skill level 19 in Spellcasting
 14988 | D:13     | Reached skill level 1 in Shields
 15322 | D:13     | Acquired the Compilation of Violent Earth
 15330 | D:13     | Learned a level 5 spell: Iskenderun's Battlesphere
 15338 | D:13     | Learned a level 7 spell: Orb of Destruction
 16446 | D:14     | Reached skill level 20 in Spellcasting
 16446 | D:14     | Reached XP level 14. HP: 16/80 MP: 8/40
 17027 | D:14     | Found a gate to the Vaults.
 17256 | D:14     | Identified the +5 spear "Voukk" {heavy, Will+ Str+4 Int+3}
 17360 | D:14     | Found a white marble altar of Elyvilon.
 17579 | D:15     | Entered Level 15 of the Dungeon
 18012 | D:15     | Offered knowledge of Spellforged Servitor by Vehumet.
 18191 | D:15     | Found a staircase to the Depths.
 18289 | D:15     | Noticed Rupert
 18402 | D:15     | Killed Rupert
 18403 | D:15     | Reached skill level 21 in Spellcasting
 19595 | Lair:1   | Entered Level 1 of the Lair of Beasts
 19988 | Lair:1   | Noticed Prince Ribbit
 20009 | Lair:1   | Killed Prince Ribbit
 20516 | Lair:1   | Reached skill level 5 in Shields
 20951 | Lair:2   | Noticed Phlounder's ghost (journeyman DrSh)
 20971 | Lair:2   | Found a runed translucent gate.
 20971 | Lair:2   | Found a runed translucent gate.
 20971 | Lair:2   | Found a runed translucent gate.
 21240 | Lair:2   | Reached XP level 15. HP: 55/84 MP: 16/42
 21952 | Lair:3   | Found a hole to the Spider Nest.
 22241 | Lair:3   | Found a shimmering blue altar of Sif Muna.
 22275 | Lair:3   | Found a staircase to the Swamp.
 22391 | Lair:3   | Reached skill level 22 in Spellcasting
 23046 | Lair:4   | Found a staircase to the Slime Pits.
 23514 | Lair:4   | Identified the +5 ring mail of Fiziunoc {SInv Stlth+}
 23736 | Lair:4   | Noticed Josephine
 23740 | Lair:4   | Killed Josephine
 24025 | Lair:4   | Found a runed translucent door.
 24026 | Lair:4   | Noticed Agan's ghost (journeyman MeSh)
 24028 | Lair:4   | Identified the +3 trident of Nemelex Xobeh's Favour
                  | {antimagic, *Rage rN+ Int+7}
 24279 | Lair:5   | Entered Level 5 of the Lair of Beasts
 24355 | Lair:5   | Offered knowledge of Fireball by Vehumet.
 24376 | Lair:4   | Learned a level 5 spell: Fireball
 24513 | Lair:5   | Identified the +0 tower shield of Insurance {Fly rC++ Int+3
                  | Dex-3}
 24960 | Lair:5   | Upgraded the game from 0.31-a0-1529-g7bd419a0e5 to
                  | 0.31-a0-1540-g5a0b83f448
 25382 | Lair:5   | Reached skill level 23 in Spellcasting
 25913 | Orc:1    | Entered Level 1 of the Orcish Mines
 25922 | Orc:1    | Found Viarph's Book Emporium.
 25964 | Orc:1    | Found a dark tunnel.
 26117 | Volcano  | Entered a volcano
 27042 | Orc:1    | Found Waoreus's General Store.
 27044 | Orc:1    | Found Disaoxuw's Specific Store.
 27052 | Orc:1    | Bought a scroll of identify for 32 gold pieces
 27505 | Orc:1    | Found a runed translucent gate.
 27505 | Orc:1    | Found a runed translucent gate.
 27506 | Orc:1    | Found a runed translucent gate.
 27541 | Orc:1    | Noticed Roir's ghost (journeyman MiFi)
 27856 | Orc:1    | Offered knowledge of Lee's Rapid Deconstruction by Vehumet.
 27861 | Orc:1    | Killed Roir's ghost
 27872 | Orc:1    | Learned a level 5 spell: Lee's Rapid Deconstruction
 27935 | Orc:2    | Entered Level 2 of the Orcish Mines
 27979 | Orc:2    | Noticed Donald
 28010 | Orc:2    | Killed Donald
 28015 | Orc:2    | Reached XP level 16. HP: 90/90 MP: 18/45
 28083 | Orc:2    | Noticed Nessos
 28088 | Orc:2    | Killed Nessos
 28539 | Orc:2    | Found Fuit's Assorted Antiques.
 28540 | Orc:2    | Found Raushraq's Antique Weapon Boutique.
 28574 | Orc:2    | Found Lolagol's Assorted Antiques.
 28577 | Orc:2    | Bought a silvery potion for 30 gold pieces
 28581 | Orc:2    | Found a staircase to the Elven Halls.
 28582 | Orc:2    | Bought a silvery potion for 28 gold pieces
 28582 | Orc:2    | Bought an emerald potion for 28 gold pieces
 28582 | Orc:2    | Bought a scroll labelled KUZUBO MUZA for 32 gold pieces
 28584 | Orc:2    | Found Hyur's Armour Shoppe.
 29398 | D:3      | Killed pigah's ghost
 29850 | D:9      | Killed Curundu's ghost
 30088 | D:12     | Killed Dordric's ghost
 30099 | D:12     | Offered knowledge of Conjure Ball Lightning by Vehumet.
 30363 | Lair:2   | Killed Phlounder's ghost
 30512 | Lair:2   | Got the ring of Tad Ysmat {Fire Will+ Int-3 Dex+3 Stlth+}
 30679 | Lair:4   | Killed Agan's ghost
 30680 | Lair:4   | Reached skill level 24 in Spellcasting
 30683 | Lair:4   | HP: 1/92 [spriggan rider/the +3 trident of Nemelex Xobeh's
                  | Favour {antimagic, *Rage rN+ Int+7} (27)]
 31304 | Swamp:1  | Entered Level 1 of the Swamp
 31619 | Swamp:1  | Found a runed translucent door.
 31619 | Swamp:1  | Found a shimmering altar of Xom.
 31619 | Swamp:1  | Noticed yetimobile's ghost (journeyman TrEE)
 31980 | Swamp:2  | Reached skill level 15 in Conjurations
 32015 | Swamp:2  | Noticed Mlioglotl
 32021 | Swamp:2  | Killed Mlioglotl
 32265 | Swamp:2  | Noticed Nikola
 32274 | Swamp:2  | Killed Nikola
 32550 | Swamp:2  | Identified the +0 buckler of Temperance {^Contam Str+5
                  | Dex+2}
 32622 | Swamp:2  | Found a runed translucent door.
 32622 | Swamp:2  | Found a shimmering altar of Xom.
 32622 | Swamp:2  | Noticed DoNotCum's ghost (journeyman DsAl)
 33008 | Swamp:3  | Found a frozen archway.
 33047 | IceCv    | Entered an ice cave
 33070 | IceCv    | Reached skill level 15 in Ice Magic
 33397 | IceCv    | Identified the +2 ring mail of the Giraffatuar {Fly rC-
                  | Regen+}
 33450 | Swamp:3  | Reached XP level 17. HP: 94/96 MP: 34/47
 33531 | Swamp:3  | Reached skill level 25 in Spellcasting
 34026 | Swamp:4  | Entered Level 4 of the Swamp
 34051 | Swamp:3  | Offered knowledge of Starburst by Vehumet.
 35426 | Swamp:4  | Found a blossoming altar of Fedhas.
 35428 | Swamp:4  | Paralysed by a hornet for 2 turns
 35431 | Swamp:4  | Reached ****** piety under Vehumet
 35705 | Swamp:4  | Found a basalt altar of Yredelemnul.
 35727 | Swamp:4  | Got a decaying rune of Zot
 35749 | Swamp:4  | Offered knowledge of Ozocubu's Refrigeration by Vehumet.
 35756 | Swamp:4  | Reached skill level 26 in Spellcasting
 35768 | Swamp:4  | Learned a level 7 spell: Ozocubu's Refrigeration
 36443 | Spider:1 | Entered Level 1 of the Spider Nest
 37970 | Spider:2 | Noticed Arachne
 37976 | Spider:2 | Killed Arachne
 37977 | Spider:2 | Reached XP level 18. HP: 85/103 MP: 24/50
 39478 | Spider:4 | Entered Level 4 of the Spider Nest
 40445 | Spider:4 | Reached skill level 27 in Spellcasting
 40511 | Spider:4 | Offered knowledge of Lehudib's Crystal Spear by Vehumet.
 40511 | Spider:4 | Offered knowledge of Fire Storm by Vehumet.
 40511 | Spider:4 | Offered knowledge of Chain Lightning by Vehumet.
 41068 | Spider:4 | Identified the +4 hat of Juuvie {Str+3 Slay-3 Stlth+}
 41090 | Spider:4 | Got a gossamer rune of Zot
 41628 | Elf:1    | Entered Level 1 of the Elven Halls
 42023 | Elf:1    | Found Peusob's Magic Scroll Shoppe.
 42032 | Elf:1    | Bought a scroll of teleportation for 48 gold pieces
 42032 | Elf:1    | Bought a scroll of revelation for 120 gold pieces
 42379 | Elf:1    | Identified the +11 rapier "Lifebane" {drain, Int+2}
 42384 | Elf:1    | Identified the ring of Ycute {Ice rPois Int+3 Dex-2 SInv}
 42739 | Elf:1    | Found an ancient bone altar of Kikubaaqudgha.
 43149 | Elf:2    | Reached XP level 19. HP: 110/110 MP: 46/52
 43468 | Elf:2    | Found a huge runed translucent gate.
 43470 | Elf:2    | Found a huge runed translucent gate.
 43475 | Elf:2    | Found a huge runed translucent gate.
 43476 | Elf:2    | Found a huge runed translucent gate.
 43476 | Elf:2    | Found a huge runed translucent gate.
 43680 | Elf:3    | Entered Level 3 of the Elven Halls
 44319 | Elf:3    | Found Jicout's Weapon Shop.
 45499 | Elf:3    | Identified the +8 great sword of Lyantont {heavy, Int+4}
 45513 | Elf:3    | Identified the +6 mace "Leviticus" {freeze, rC+}
 45521 | Elf:3    | Got Rasip's Catalogue of Misery and the Lithosphere
 45525 | Elf:3    | Identified the staff "Obiaries" {rN+ Int+5 Conj}
 45655 | Elf:3    | Identified the +5 flail of the Spinneret {spect, *Noise
                  | Will++ Str+7}
 45839 | Elf:2    | Reached skill level 10 in Armour
 46105 | Elf:2    | Reached XP level 20. HP: 90/116 MP: 30/53
 47147 | Depths:1 | Entered Level 1 of the Depths
 47397 | Depths:1 | Found Ykhled's Antique Armour Emporium.
 47868 | Depths:1 | Found a gateway to Hell.
 48588 | Depths:1 | You fall into a shaft and drop 1 floor!
 48681 | Depths:2 | Found a one-way gate leading to the halls of Pandemonium.
 49254 | Depths:2 | Reached skill level 10 in Fighting
 49507 | Depths:2 | Noticed a golden dragon
 49514 | Depths:2 | Killed a golden dragon
 49864 | Depths:2 | Found a runed translucent gate.
 49864 | Depths:2 | Found a runed translucent gate.
 49864 | Depths:2 | Found a runed translucent gate.
 49866 | Depths:2 | Found a runed translucent gate.
 49866 | Depths:2 | Found a runed translucent gate.
 49866 | Depths:2 | Found a runed translucent gate.
 49866 | Depths:2 | Found the +2 Maxwell's thermic engine {flame, freeze, rev}
 50286 | Depths:3 | Found a one-way gateway to a ziggurat.
 50381 | Depths:3 | Noticed Louise
 50384 | Depths:3 | Killed Louise
 50440 | Depths:3 | Found a one-way gate to the infinite horrors of the Abyss.
 50500 | Depths:3 | Found Axeojarch's Book Boutique.
 50501 | Depths:3 | Found Kifri's Jewellery Shoppe.
 50502 | Depths:3 | Found Muchatal's Book Boutique.
 50633 | Depths:3 | Reached XP level 21. HP: 123/123 MP: 51/54
 50734 | Depths:3 | Noticed a dread lich
 50738 | Depths:3 | Killed a dread lich
 51407 | Depths:4 | Entered Level 4 of the Depths
 51419 | Depths:4 | Noticed a golden dragon
 51472 | Depths:4 | Noticed a caustic shrike
 51472 | Depths:4 | Noticed a caustic shrike
 51472 | Depths:4 | Noticed a caustic shrike
 51472 | Depths:4 | Noticed a caustic shrike
 51472 | Depths:4 | Noticed a caustic shrike
 51481 | Depths:3 | HP: 3/124 [acid (5)]
 51482 | Depths:3 | Slain by a caustic shrike

Illustrated notes

Levels and vault maps discovered:
D:1:      saegor_arrival_fortress, layout_basic, minmay_tetromino_i4
D:2:      minmay_inner_zag, layout_basic
D:3:      layout_basic, grunt_dithmenos_smoke_and_mirrors,
          gammafunk_ghost_gnarly_gnolls, uniq_ijyb, uniq_robin, uniq_sigmund
D:4:      layout_gridville
D:5:      layout_basic, enter_ossuary_3
D:6:      cheibrodos_helix_gallery, layout_basic, minmay_temple_entry_junction
D:7:      layout_gridville
D:8:      layout_basic, mainiacjoe_overflow_alcove_2, amcnicky_altar_gilded,
          enter_bailey_3, nicolae_shop_i_like_small_books_too,
          kennysheep_generic_room_9
D:9:      layout_cave_pools, grunt_lair_entry_orc_guard_hut, nzn_ghost_randoct,
          grunt_ministairs_2, abandoned_shop
D:10:     layout_roguey, ashenzari_conservatory_becter,
          mainiacjoe_overflow_alcove_3, grunt_decor_cap,
          amcnicky_mini_rare_corridor_liquid
D:11:     layout_irregular_city
D:12:     minmay_elf_outpost, layout_basic, orc_david_3, serial_shops,
          kennysheep_little_box, nicolae_shop_waterfront,
          biasface_ghost_orc_armoury, uniq_maurice
D:13:     minmay_box_of_statues, layout_basic, hangedman_stone_soup, uniq_azrael
D:14:     layout_cave_pods, hangedman_vaults_entry_quadrant_bands,
          elyvilon_altar_4
D:15:     hellmonk_depths_entry_around_the_bend, layout_loops_ring,
          nicolae_concentric_dashed_squares_mild, minivault_28, uniq_rupert
Temple:   nicolae_temple_great_sept
Lair:1:   layout_cave_pods, serial_bayou_shore_a, uniq_prince_ribbit2
Lair:2:   layout_long_grid, gammafunk_ghost_icy, serial_bayou_ford_a,
          beast_lair_carwin_10
Lair:3:   layout_roguey, minmay_swamp_entry_reptiles, spider_nest_entry_webs,
          basic_altar, st_stairs_3, lemuel_fruit_tree
Lair:4:   layout_loops_ring, slime_entry_1, ebering_ghost_funeral_grove,
          minivault_27, disabler_island, uniq_josephine
Lair:5:   minmay_lair_end_frog_pond, layout_cave_pods,
          infiniplex_staircase_pool_2
Swamp:1:  layout_basic_swamp, ebering_ghost_xom, hangedman_swamp_ruin_wall,
          nicolae_swamp_super_fun_site
Swamp:2:  layout_basic_swamp, ebering_ghost_xom, nicolae_swamp_oxbows,
          swamp_pool_1_2, nicolae_swamp_tree_designs,
          nicolae_swamp_decorative_isthmus, uniq_mlioglotl, uniq_nikola
Swamp:3:  layout_basic_swamp, portal_ice_cave_entry_frozen_things,
          evilmike_swamp_ruin_house_1
Swamp:4:  byrel_swamp_growth_death_and_undeath, layout_basic_swamp,
          swamp_pool_1_2, infiniplex_staircase_pool
Spider:1: layout_cave_pods, hellmonk_test_site
Spider:2: layout_chambers, uniq_arachne
Spider:3: layout_spider_delve
Spider:4: guppyfry_spider_rune
Orc:1:    cheibrodos_orc_guarddog, layout_caves, gammafunk_ghost_necromancy,
          nicolae_volcano_entry_lava_flow, serial_shops, nicolae_shop_stone,
          nicolae_specific_store, statue_in_the_mist_lemuel
Orc:2:    st_orc_open, layout_caves, bh_open_orc_temple, uniq_nessos,
          uniq_donald
Elf:1:    eino_elf_arrival_the_gate, layout_gridlike, serial_shops,
          nicolae_lakefront_shop, nicolae_elf_shapeshifter_party, minivault_26,
          lemuel_upstairs_altar
Elf:2:    elven_hall_of_blades_hangedman_alternative
          [nicolae_vaults_blade_armed_guards], layout_loops_corners
Elf:3:    minmay_elf_hall, layout_geoelf_diagonals, serial_shops, shop,
          nicolae_letterblocks [nicolae_letter_subblock,
          nicolae_letter_subblock, nicolae_letter_subblock,
          nicolae_letter_subblock, nicolae_letter_subblock,
          nicolae_letter_subblock, nicolae_letter_subblock,
          nicolae_letter_subblock, nicolae_letter_subblock,
          nicolae_letter_subblock, nicolae_letter_subblock,
          nicolae_letter_subblock, nicolae_letter_subblock,
          nicolae_letter_subblock, nicolae_letter_subblock,
          nicolae_letter_subblock, nicolae_letter_subblock,
          nicolae_letter_subblock, nicolae_letter_subblock,
          nicolae_letter_subblock, nicolae_letter_subblock,
          nicolae_letter_subblock, nicolae_letter_subblock,
          nicolae_letter_subblock, nicolae_letter_subblock]
Depths:1: layout_cave_shapes, hangedman_abyss_or_decor_slice, serial_shops,
          nicolae_shop_trees, grunt_hell_entry_dis_grunt, serial_bayou_lagoon_a,
          minmay_fractal_squares_diagonal_5
Depths:2: kennysheep_green_arena, layout_basic, grunt_pan_entry_sceptre,
          infiniplex_staircase_x, hell_entry, minmay_misc_feat_room,
          brannock_guarded_unrand_thermic_engine, serial_bayou_shore_b
Depths:3: cheibrodos_cascadia, layout_basic, enter_ziggurat_b,
          nicolae_abyss_entry_one_way_or_another, hellmouth_1,
          minmay_misc_feat_cross, infiniplex_staircase_river, minmay_shop_grove
Depths:4: grunt_zot_entry_alcove, layout_cave_shapes, hell_entry, abyss_entry,
          minmay_crystal_water, roderic_lattice_octagonal_star

Skill      XL: |  1  2  3  4  5  6  7  8  9 10 11 12 13 14 15 16 17 18 19 20 21 |
---------------+----------------------------------------------------------------+-----
Spellcasting   | 5 6 7 8 10 12 14 16 18 20 21 23 24 26 27 | 27.0
Fighting       | 1 2 3 4 6 7 8 9 10 11 | 11.0
Armour         | 1 3 4 5 6 7 8 10 | 10.1
Conjurations   | 2 3 4 5 6 8 9 10 12 13 14 15 16 17 19 21 | 21.7
Dodging        | 3 |  3.1
Stealth        | 3 |  3.2
Alchemy        | 1 |  1.0
Air Magic      | 1 |  1.1
Ice Magic      | 1 2 4 6 7 9 10 11 12 14 15 16 17 18 19 20 | 20.2
Evocations     | 1 2 |  2.1
Necromancy     | 1 |  1.1
Fire Magic     | 1 |  1.1
Earth Magic    | 1 |  1.0
Shields        | 2 5 6 7 |  7.0
Summonings     | |  1.1
Translocations | |  1.1

Action                     |  1- 3 |  4- 6 |  7- 9 | 10-12 | 13-15 | 16-18 | 19-21 || total
---------------------------+-------+-------+-------+-------+-------+-------+-------++-------
  Melee: Dagger            |     6 |       |       |       |       |       |       ||     6
         Quarterstaff      |     6 |    11 |       |       |       |       |       ||    17
         Whip              |       |     6 |    71 |    74 |    21 |       |       ||   172
         Punch             |       |       |     2 |       |       |       |       ||     2
         Spear             |       |       |       |       |    31 |    32 |       ||    63
   Cast: Magic Dart        |   101 |    72 |   134 |     4 |    43 |    11 |    40 ||   405
         Mephitic Cloud    |       |     5 |    18 |    42 |    30 |    10 |     1 ||   106
         Hailstorm         |       |     2 |    43 |   138 |    10 |       |       ||   193
         Call Imp          |       |     1 |     2 |    10 |     7 |     4 |     1 ||    25
         Blink             |       |       |     2 |    13 |     7 |     9 |     1 ||    32
         Foxfire           |       |       |   132 |   282 |    64 |    64 |       ||   542
         Swiftness         |       |       |       |     2 |     1 |       |       ||     3
         Bombard           |       |       |       |       |   169 |   247 |   116 ||   532
         Freezing Cloud    |       |       |       |       |   218 |    85 |     1 ||   304
         Iskenderun's Batt |       |       |       |       |    11 |     2 |    10 ||    23
         Orb of Destructio |       |       |       |       |    17 |    36 |    23 ||    76
         Fireball          |       |       |       |       |     6 |   368 |   110 ||   484
         Lee's Rapid Decon |       |       |       |       |       |     5 |       ||     5
         Ozocubu's Refrige |       |       |       |       |       |     8 |   155 ||   163
  Evoke: Wand              |       |       |       |       |     2 |    13 |     1 ||    16
    Use: Scroll            |       |       |       |     9 |     8 |    16 |     6 ||    39
   Stab: Sleeping          |     1 |       |       |     1 |       |       |       ||     2
         Confused          |       |     4 |     3 |     8 |     1 |       |       ||    16
 Armour: Robe              |    20 |     7 |    82 |   129 |   134 |       |       ||   372
         Ring mail         |       |       |       |       |    24 |   153 |    76 ||   253
         Scale mail        |       |       |       |       |     3 |       |       ||     3
         Swamp dragon scal |       |       |       |       |       |    13 |       ||    13
  Dodge: Dodged            |    23 |     8 |   109 |   113 |    77 |    58 |    28 ||   416
         Repelled          |       |       |       |       |       |       |     5 ||     5
  Block: Buckler           |       |       |       |       |     3 |    53 |     9 ||    65

Table legend: (Time is in decaauts)
 A = Elapsed time spent in this place.
 B = Non-inter-level travel time spent in this place.
 C = Inter-level travel time spent in this place.
 D = Time resting spent in this place.
 E = Time spent auto-exploring this place.
 F = Levels seen in this place.
 G = Mean time per level.
                   A        B        C        D        E       F      G
               +--------+--------+--------+--------+--------+-----+--------+
         Total |  52047 |  47062 |   4985 |   5833 |  32516 |  42 | 1239.2 |
       Dungeon |  20972 |  18003 |   2969 |   2173 |  12362 |  15 | 1398.1 |
        Temple |    234 |    201 |     33 |      0 |      0 |   1 |  234.0 |
          Lair |   7252 |   6542 |    710 |    541 |   5116 |   5 | 1450.4 |
         Swamp |   4671 |   4414 |    257 |   1081 |   2566 |   4 | 1167.8 |
   Spider Nest |   4849 |   4622 |    227 |    326 |   3631 |   4 | 1212.2 |
  Orcish Mines |   2558 |   2294 |    264 |    280 |   1560 |   2 | 1279.0 |
   Elven Halls |   4973 |   4676 |    297 |    623 |   3177 |   3 | 1657.7 |
        Depths |   4365 |   4142 |    223 |    348 |   3154 |   4 | 1091.2 |
       Ossuary |    248 |    248 |      0 |      0 |    153 |   1 |  248.0 |
        Bailey |    632 |    632 |      0 |      0 |    394 |   1 |  632.0 |
      Ice Cave |    396 |    396 |      0 |     51 |    201 |   1 |  396.0 |
       Volcano |    892 |    892 |      0 |    410 |    199 |   1 |  892.0 |
               +--------+--------+--------+--------+--------+-----+--------+

Top non-repeatable levels by time:
    D:14: 2235 daAuts
    D:12: 2229 daAuts
    D:13: 2191 daAuts
   Elf:2: 2065 daAuts
   Elf:3: 1785 daAuts
Spider:4: 1741 daAuts
Depths:1: 1730 daAuts
 Swamp:3: 1695 daAuts
    D:15: 1626 daAuts
  Lair:1: 1564 daAuts
     D:3: 1533 daAuts
  Lair:2: 1519 daAuts
     D:8: 1474 daAuts
  Lair:4: 1455 daAuts
  Lair:3: 1454 daAuts
